Map: Cinder Fortress

Players

A.I. 1 (Hard)

  • Race: Zerg Zerg
  • Spawn Location: 11:00

larsgj - Winner!

  • Race: Protoss Protoss
  • Spawn Location: 5:00

VOD

Have the link to the VOD?

Description

Time

  • Played on: Feb. 5, 2019, 8:07 a.m.
  • Length: 28:35
Show
View Real Time Build Order
Export as new Build Order

A.I. 1 (Hard) Zerg 

Build Orders: 1 Base Baneling Bust, Pool First, Zergling Baneling 

Get SALT Encoding   

  12  0:00  Drone  
  13  0:12  Overlord  
  13  0:17  Drone  
  14  0:30  Drone  
  14  0:31  Drone  
  16  0:43  Spawning Pool  
  16  0:45  Drone  
  16  0:49  Drone  
  17  0:52  Extractor  
  17  0:55  Drone  
  17  1:05  Overlord  
  17  1:29  Queen  
  17  1:31  Zergling x2  
  20  1:34  Zergling x2, Roach Warren  
  20  1:38  Drone  
  21  1:40  Extractor  
  20  1:49  Drone  
  20  1:52  Baneling Nest  
  20  1:59  Drone  
  21  2:10  Zergling x2  
  22  2:21  Drone  
  23  2:31  Zergling x2  
  23  2:35  Baneling x3  
  23  2:36  Overlord, Zergling x2, Drone  
  26  2:43  Zergling x2  
  27  2:48  Baneling  
  27  2:54  Drone  
  28  3:05  Zergling x2  
  29  3:08  Overlord, Zergling x2  
  29  3:12  Zergling x2  
  31  3:16  Zergling x2  
  32  3:27  Zergling x2  
  32  3:31  Baneling x2  
  33  3:38  Zergling x2  
  34  3:41  Baneling  
  34  3:42  Zergling x2, Baneling  
  34  3:45  Baneling, Zergling x2  
  36  3:49  Zergling x2, Evolution Chamber  
  36  3:52  Drone  
  37  4:03  Zergling x2  
  38  4:11  Drone  
  38  4:13  Drone, Overlord  
  38  4:14  Drone  
  41  4:24  Drone  
  42  4:35  Drone  
  43  4:43  Drone  
  44  5:41  Roach, Overlord, Metabolic Boost, Zerg Melee Weapons Level 1  
  46  5:44  Evolution Chamber, Lair  
  46  5:45  Drone  
  46  5:50  Roach, Hatchery  
  47  5:59  Roach  
  49  6:09  Roach, Zerg Ground Armor Level 1  
  51  6:18  Roach  
  47  6:31  Roach  
  43  6:40  Roach  
  43  6:41  Burrow  
  43  6:44  Centrifugal Hooks, Hydralisk Den  
  43  6:49  Roach  
  45  6:59  Roach  
  47  7:05  Drone  
  47  7:06  Drone  
  47  7:08  Roach, Drone  
  52  7:10  Drone  
  52  7:11  Extractor  
  52  7:15  Drone  
  53  7:17  Hydralisk  
  53  7:22  Drone  
  56  7:23  Drone  
  56  7:26  Hydralisk  
  56  7:27  Overlord  
  56  7:29  Drone  
  60  7:34  Drone  
  60  7:36  Zerg Missile Weapons Level 1  
  61  7:40  Drone  
  62  7:44  Drone  
  62  7:48  Overseer  
  62  7:50  Drone, Overseer  
  64  7:53  Hydralisk  
  64  7:54  Drone  
  64  7:57  Overlord  
  67  8:00  Drone  
  67  8:02  Drone  
  69  8:06  Drone  
  69  8:11  Spore Crawler  
  69  8:13  Drone  
  69  8:14  Spore Crawler  
  69  8:16  Drone  
  70  8:21  Spore Crawler  
  70  8:24  Drone  
  70  8:25  Hydralisk, Drone, Spore Crawler  
  72  8:28  Drone  
  72  8:30  Drone  
  74  8:36  Drone  
  74  8:37  Overlord  
  75  8:43  Spine Crawler  
  75  8:46  Drone  
  75  8:49  Drone  
  75  8:51  Spine Crawler  
  75  8:56  Spine Crawler  
  75  8:57  Drone  
  75  8:58  Drone  
  75  9:02  Drone, Spine Crawler  
  76  9:07  Queen  
  78  9:13  Queen  
  80  9:20  Infestation Pit  
  79  9:26  Spire  
  79  9:27  Drone  
  79  10:11  Baneling, Pneumatized Carapace  
  79  10:12  Overlord x2, Overseer  
  79  10:13  Zergling x2  
  80  10:16  Zergling x2  
  80  10:19  Zergling x2  
  82  10:22  Hatchery, Zergling x2  
  82  10:25  Zergling x2  
  83  10:28  Zergling x2  
  83  10:34  Overlord  
  84  10:37  Mutalisk  
  84  10:41  Mutalisk  
  88  10:44  Mutalisk  
  88  10:47  Mutalisk  
  92  10:50  Mutalisk  
  92  10:53  Mutalisk  
  92  10:55  Hive  
  92  10:56  Zergling x2  
  92  10:59  Zergling x2  
  92  11:02  Mutalisk  
  91  11:05  Mutalisk  
  91  11:08  Baneling, Zergling x2  
  94  11:11  Baneling  
  94  11:12  Zergling x2, Baneling  
  94  11:17  Zerg Melee Weapons Level 2  
  95  11:21  Extractor  
  94  11:35  Drone  
  94  11:36  Drone  
  94  11:38  Drone  
  94  11:39  Drone  
  98  11:41  Drone  
  98  11:42  Drone  
  98  11:44  Drone  
  98  11:45  Drone  
  98  11:46  Extractor, Zerg Ground Armor Level 2  
  98  11:47  Drone  
  102  11:48  Drone  
  102  11:49  Drone  
  102  11:51  Overlord, Drone  
  102  11:52  Drone  
  107  11:54  Drone  
  107  11:55  Drone  
  107  11:57  Drone  
  107  11:58  Drone  
  107  12:00  Drone  
  112  12:01  Drone  
  112  12:02  Drone  
  112  12:04  Drone  
  112  12:08  Viper  
  117  12:09  Glial Reconstitution  
  117  12:12  Overlord  
  117  12:18  Zerg Flyer Weapons Level 1  
  117  12:24  Spore Crawler  
  117  12:25  Drone  
  117  12:26  Spore Crawler  
  117  12:28  Drone  
  117  12:30  Queen  
  119  12:45  Extractor, Drone  
  119  12:46  Ultralisk Cavern  
  119  12:48  Drone  
  119  12:49  Spine Crawler  
  119  12:50  Drone  
  119  12:52  Drone, Spine Crawler  
  119  13:32  Zerg Missile Weapons Level 2  
  119  13:42  Corruptor  
  119  13:43  Overlord  
  121  13:50  Infestor  
  123  14:01  Overlord  
  123  14:05  Corruptor  
  125  14:12  Corruptor  
  125  14:13  Greater Spire  
  127  14:20  Overlord  
  127  14:21  Infestor  
  123  14:30  Pathogen Glands  
  110  14:33  Zergling x2  
  104  14:52  Zerg Melee Weapons Level 3  
  100  15:24  Brood Lord  
  100  15:25  Zerg Flyer Armor Level 1, Brood Lord  
  100  15:26  Corruptor  
  100  15:27  Brood Lord  
  106  15:31  Hatchery  
  105  15:37  Corruptor  
  107  15:45  Corruptor  
  107  15:48  Zerg Ground Armor Level 3  
  109  15:52  Tunneling Claws  
  109  16:01  Corruptor, Brood Lord  
  113  16:12  Corruptor, Brood Lord  
  117  16:20  Corruptor, Brood Lord  
  121  16:44  Queen, Drone  
  124  16:59  Extractor  
  124  17:00  Drone  
  124  17:01  Spore Crawler  
  124  17:02  Drone  
  124  17:03  Spore Crawler  
  124  17:04  Drone  
  124  17:10  Extractor  
  124  17:12  Drone  
  124  17:16  Roach  
  124  17:19  Roach, Zerg Flyer Weapons Level 2  
  124  17:22  Roach  
  130  17:24  Hydralisk  
  130  17:27  Spine Crawler  
  130  17:28  Roach, Drone  
  130  17:29  Zerg Missile Weapons Level 3  
  134  17:30  Drone, Spine Crawler  
  134  17:31  Roach, Overlord  
  134  17:34  Roach  
  134  17:37  Roach  
  140  17:39  Roach  
  140  17:42  Roach  
  144  17:45  Roach  
  144  17:48  Roach  
  144  17:50  Hydralisk, Overlord  
  150  17:53  Hydralisk  
  150  17:56  Hydralisk  
  154  17:59  Hydralisk  
  156  18:24  Hydralisk  
  152  18:27  Hydralisk  
  152  18:30  Infestor  
  145  18:34  Roach  
  145  18:36  Hydralisk  
  145  18:40  Zergling x2  
  141  18:43  Roach  
  141  18:46  Roach  
  139  18:49  Roach  
  139  18:51  Infestor  
  135  18:56  Roach  
  131  19:03  Overseer  
  127  19:11  Overseer  
  127  19:15  Spire  
  122  19:17  Drone  
  123  19:34  Zerg Flyer Armor Level 2  
  123  20:27  Hatchery, Zerg Flyer Weapons Level 3  
  122  20:31  Mutalisk, Viper  
  122  20:32  Overlord  
  122  20:35  Mutalisk  
  127  20:39  Mutalisk  
  131  20:44  Corruptor  
  131  20:48  Mutalisk  
  135  20:51  Overlord  
  135  20:52  Mutalisk  
  135  20:57  Mutalisk  
  137  21:01  Corruptor  
  141  21:05  Mutalisk  
  141  21:08  Viper  
  141  21:09  Overlord  
  141  21:10  Mutalisk  
  148  21:14  Mutalisk  
  139  21:18  Mutalisk  
  139  21:23  Mutalisk  
  127  21:27  Mutalisk  
  127  21:31  Corruptor  
  131  21:36  Corruptor  
  131  21:38  Drone  
  131  21:39  Queen  
  136  21:44  Extractor  
  136  21:45  Drone  
  136  21:47  Spore Crawler  
  136  21:48  Drone  
  136  21:50  Drone, Spore Crawler  
  136  21:52  Extractor  
  136  21:53  Drone  
  136  21:54  Zerg Flyer Armor Level 3  
  136  22:14  Spine Crawler  
  136  22:15  Drone  
  136  22:16  Spine Crawler  
  136  22:18  Drone  
  136  23:52  Infestor  
  136  23:54  Overlord  
  138  23:55  Infestor  
  138  23:59  Neural Parasite, Infestor  
  142  24:03  Infestor  
  142  24:07  Zergling x2  
  127  24:11  Roach  
  127  24:14  Roach  
  120  24:18  Roach  
  120  24:21  Infestor  
  120  24:22  Drone  
  120  24:24  Drone  
  119  24:25  Drone, Infestor  
  119  24:26  Spine Crawler  
  119  24:27  Drone  
  119  24:28  Extractor, Infestor  
  119  24:29  Drone, Queen  
  119  24:30  Queen, Drone  
  114  24:32  Drone, Infestor  
  114  24:33  Drone  
  114  24:35  Drone  
  114  24:36  Drone, Infestor  
  118  24:38  Drone  
  118  24:39  Hydralisk  
  118  24:40  Drone  
  118  24:41  Drone  
  118  24:43  Hydralisk, Drone  
  118  24:44  Drone  
  124  24:46  Hydralisk, Drone  
  124  24:47  Drone  
  124  24:50  Hydralisk  
  124  24:52  Drone  
  126  24:53  Drone  
  126  24:54  Zergling x2  
  126  24:55  Drone  
  126  24:56  Drone  
  126  24:57  Mutalisk  
  126  24:58  Drone  
  126  24:59  Drone  
  119  25:01  Drone  
  119  25:02  Drone  
  119  25:05  Hydralisk  
  119  25:06  Drone  
  121  25:08  Drone  
  121  25:09  Drone  
  121  25:10  Zergling x2  
  121  25:13  Roach  
  121  25:17  Drone  
  121  25:19  Drone  
  120  25:22  Drone  
  120  25:23  Roach  
  120  25:24  Drone  
  120  25:25  Drone  
  120  25:26  Hydralisk  
  120  25:27  Drone  
  95  25:28  Drone  
  95  25:29  Hydralisk  
  95  25:30  Drone  
  95  25:34  Infestor  
  95  25:35  Drone  
  93  25:37  Drone  
  93  25:40  Drone  
  93  25:42  Zergling x2  
  83  25:45  Hatchery  
  65  25:51  Drone  
  65  25:52  Drone  
  65  25:54  Roach  
  65  25:55  Drone  
  65  25:56  Hatchery, Drone  
  60  26:02  Mutalisk  
  60  26:03  Drone  
  56  26:05  Drone, Mutalisk  
  57  26:12  Hydralisk  
  57  26:16  Hydralisk  
  45  26:22  Mutalisk  
  45  26:23  Drone  
  45  26:25  Drone x2  
  42  26:26  Drone, Mutalisk  
  42  26:29  Drone  
  39  26:34  Extractor, Drone  
  39  26:35  Hydralisk  
  33  26:50  Drone  
  33  26:52  Drone  
  33  26:53  Drone  
  36  26:56  Extractor  
  36  26:57  Drone  
  36  26:59  Drone  
  35  27:03  Drone  
  35  27:07  Drone, Hatchery  
  29  27:09  Drone  
  29  27:10  Drone  
  29  27:12  Drone  
  15  27:18  Drone  
  15  27:19  Extractor  
  15  27:20  Drone  
  12  27:29  Drone  
  11  27:31  Extractor  
  11  27:34  Drone  
  7  27:44  Evolution Chamber  
Show
View Real Time Build Order
Export as new Build Order

larsgj Protoss - Winner!

Build Orders: Carriers 

Get SALT Encoding   

  12  0:03  Probe  
  13  0:19  Probe  
  14  0:33  Pylon  
  14  0:35  Probe  
  15  1:09  Pylon  
  15  1:10  Probe  
  16  1:17  Assimilator  
  16  1:22  Probe  
  16  1:23  Assimilator  
  17  1:34  Probe  
  18  1:42  Pylon  
  18  1:45  Pylon  
  18  1:46  Probe  
  19  1:54  Pylon  
  19  1:57  Pylon  
  19  1:58  Probe  
  20  2:02  Forge  
  20  2:10  Probe  
  21  2:16  Gateway  
  21  2:22  Probe  
  22  2:34  Probe  
  23  2:37  Photon Cannon  
  23  2:39  Photon Cannon  
  23  2:46  Probe  
  24  2:55  Photon Cannon  
  24  2:57  Photon Cannon  
  24  3:03  Photon Cannon  
  24  3:12  Cybernetics Core  
  24  3:16  Probe  
  25  3:28  Photon Cannon  
  25  3:32  Photon Cannon  
  25  3:39  Photon Cannon  
  25  3:49  Photon Cannon  
  25  3:57  Photon Cannon  
  25  4:03  Photon Cannon  
  25  4:12  Shield Battery  
  25  4:19  Photon Cannon  
  25  4:28  Pylon  
  25  4:35  Photon Cannon  
  25  4:37  Protoss Shields Level 1  
  25  4:44  Shield Battery  
  25  4:49  Probe  
  26  5:01  Probe  
  27  5:12  Photon Cannon  
  27  5:13  Probe  
  28  5:20  Photon Cannon  
  28  5:25  Probe  
  29  5:37  Probe  
  29  5:42  Shield Battery  
  30  5:50  Nexus  
  30  6:00  Photon Cannon  
  30  6:07  Photon Cannon  
  30  6:16  Shield Battery  
  29  6:28  Pylon, Zealot  
  30  6:46  Photon Cannon  
  30  6:48  Photon Cannon  
  30  6:55  Zealot  
  32  7:02  Twilight Council, Protoss Ground Weapons Level 1  
  32  7:06  Warp Gate  
  32  7:20  Probe  
  33  7:32  Probe  
  34  7:38  Photon Cannon  
  34  7:44  Probe  
  34  7:46  Photon Cannon  
  35  7:52  Shield Battery  
  35  8:00  Shield Battery  
  35  8:07  Photon Cannon  
  35  8:10  Photon Cannon  
  35  8:19  Pylon  
  35  8:29  Pylon  
  35  8:46  Probe  
  36  8:53  Assimilator x2  
  36  8:56  Protoss Ground Armor Level 1  
  36  8:58  Probe  
  37  9:05  Pylon  
  37  9:08  Pylon  
  37  9:10  Probe  
  37  9:13  Photon Cannon  
  37  9:15  Photon Cannon x2  
  38  9:20  Photon Cannon  
  38  9:22  Probe  
  39  9:27  Photon Cannon  
  39  9:33  Photon Cannon  
  39  9:34  Probe  
  40  9:42  Shield Battery  
  40  10:09  Protoss Air Weapons Level 1  
  40  10:18  Photon Cannon  
  40  10:22  Photon Cannon  
  40  10:23  Photon Cannon  
  40  10:30  Photon Cannon  
  40  10:35  Pylon  
  40  10:49  Nexus, Protoss Shields Level 2  
  40  10:59  Pylon  
  40  11:40  Stargate  
  40  11:42  Pylon  
  40  11:45  Pylon  
  40  11:56  Pylon  
  40  12:02  Probe  
  40  12:04  Protoss Air Armor Level 1  
  41  12:14  Probe  
  42  12:15  Stargate  
  42  12:17  Stargate  
  42  12:26  Probe  
  43  12:34  Fleet Beacon  
  43  12:38  Probe  
  44  12:47  Assimilator  
  44  12:48  Assimilator  
  44  12:49  Photon Cannon  
  44  12:50  Probe, Photon Cannon  
  45  12:53  Photon Cannon  
  45  12:59  Shield Battery  
  45  13:01  Photon Cannon  
  45  13:05  Protoss Ground Weapons Level 2  
  45  13:07  Photon Cannon  
  45  13:10  Photon Cannon  
  45  13:11  Photon Cannon  
  45  13:14  Photon Cannon  
  45  13:16  Photon Cannon  
  45  13:18  Shield Battery  
  45  13:19  Shield Battery  
  45  13:22  Photon Cannon  
  45  13:30  Nexus  
  45  13:41  Anion Pulse-Crystals  
  45  14:00  Carrier x2  
  57  14:07  Carrier  
  56  15:20  Protoss Ground Armor Level 2  
  54  15:33  Nexus  
  54  15:46  Pylon  
  54  15:48  Photon Cannon  
  54  15:50  Photon Cannon x2  
  54  15:54  Photon Cannon x2  
  54  15:56  Shield Battery x2  
  54  16:00  Photon Cannon  
  54  16:01  Photon Cannon  
  54  16:48  Carrier  
  60  17:02  Photon Cannon  
  60  17:05  Photon Cannon  
  60  17:11  Probe  
  61  17:16  Probe  
  62  17:23  Probe  
  63  17:32  Probe  
  63  17:36  Probe  
  65  17:42  Protoss Shields Level 3  
  65  17:44  Probe  
  65  17:48  Probe  
  67  17:56  Probe  
  68  18:00  Probe  
  69  18:08  Protoss Air Weapons Level 2  
  69  18:09  Probe  
  65  18:42  Carrier  
  65  18:43  Carrier  
  77  18:53  Carrier  
  83  19:47  Carrier x2  
  95  20:12  Carrier  
  101  20:19  Protoss Ground Armor Level 3  
  101  20:23  Protoss Air Armor Level 2  
  101  20:51  Carrier x2  
  113  21:17  Carrier  
  119  21:55  Carrier x2  
  131  22:21  Pylon, Carrier  
  137  22:24  Pylon  
  137  22:27  Pylon  
  137  22:29  Pylon  
  137  22:39  Protoss Air Weapons Level 3  
  137  22:56  Protoss Ground Weapons Level 3  
  137  22:59  Carrier  
  137  23:00  Carrier  
  149  23:25  Carrier  
  155  23:37  Nexus  
  155  24:50  Carrier  
  155  24:51  Carrier x2  
  174  25:00  Probe  
  174  25:12  Probe  
  175  25:16  Protoss Air Armor Level 3  
  175  25:24  Probe  
  176  25:36  Probe  
  177  25:48  Probe  
Tags
 
Add a new tag
Caveats
  • Supply blocks, unpowered buildings, or Contaminate may cause inaccurate times.
  • Supply counts are checked every 10 seconds.